 Dungeon Crawl Stone Soup version 0.30-a0-939-gc8157cb160 (webtiles) character file.

Game seed: 12332658488837981717

416 Newt the Skirmisher (level 7, -5/44 HPs)
             Began as a Kobold Hunter on Mar 25, 2023.
             Slain by a gnoll
             ... wielding a +0 spear
              (6 damage)
             ... on level 5 of the Dungeon.
             The game lasted 00:02:49 (2108 turns).

Newt the Skirmisher (Kobold Hunter)                 Turns: 2108, Time: 00:02:49

Health: -5/44      AC:  4    Str:  9    XL:     7   Next: 15%
Magic:  7/7        EV: 14    Int: 10    God:
Gold:   222        SH:  0    Dex: 20    Spells: 6/6 levels left

rFire   . . .      SeeInvis .    a - +3 shortbow
rCold   . . .      Faith    .    (shield currently unavailable)
rNeg    . . .      Spirit   .    c - +1 leather armour
rPois   .          Reflect  .    (no helmet)
rElec   .          Rampage  .    (no cloak)
rCorr   .          Archmagi +    (no gloves)
Will    .....                    (no boots)
Stlth   +++                      (no amulet)
HPRegen 0.27/turn                j - ring of the Mage {Wiz Archmagi}
MPRegen 0.10/turn                (no ring)

@: no status effects
A: small, no large weapons, nightstalker 3
a: no special abilities


You were on level 5 of the Dungeon.
You visited 2 branches of the dungeon, and saw 6 of its levels.

You collected 222 gold pieces.

Inventory:

Hand Weapons
 a - a +3 shortbow (weapon)
Armour
 c - a +1 leather armour (worn)
Jewellery
 g - a ring of wizardry
 j - the ring of the Mage (left hand) {Wiz Archmagi}
   (You acquired it on level 3 of the Dungeon)

   [ring of wizardry]

   It improves your spell success rate.
   Archmagi:  It increases the power of your magical spells.
Scrolls
 b - 2 scrolls of teleportation
 f - a scroll of blinking
 i - a scroll of fog {unknown}
Potions
 d - a potion of flight
 e - a potion of invisibility
 h - 2 potions of curing


   Skills:
 - Level 5.0 Fighting
 + Level 9.0 Ranged Weapons
 - Level 2.4 Dodging
 - Level 1.3 Stealth


You had 6 spell levels left.
You didn't know any spells.
Your spell library contained the following spells:

 Spells                   Type           Power      Damage    Failure   Level
 Cigotuvi's Dreadful Rot  Necr/Pois/Air  0%         N/A       32%         2
 Poisonous Vapours        Pois/Air       0%         N/A       32%         2
 Mephitic Cloud           Conj/Pois/Air  0%         N/A       52%         3


Dungeon Overview and Level Annotations

Branches:
Dungeon (6/15)             Temple (1/1) D:5

Altars:
Ashenzari
Cheibriados
Dithmenos
Elyvilon
Gozag
Kikubaaqudgha
Makhleb
Nemelex Xobeh
Okawaru
Qazlal
Ru
Sif Muna
Trog
Uskayaw
Vehumet
Wu Jian
Xom
Yredelemnul
Zin
The Shining One

Annotations:
D:3 1 transporter


Innate Abilities, Weirdness & Mutations

You are small and have problems with some larger weapons.
You are completely attuned to the shadows.


Message History

Aim: a gnoll, wielding a +0 spear (73% to hit)
You shoot an arrow. The arrow barely misses the gnoll.
The arrow closely misses the gnoll.
The gnoll barely misses you.
The gnoll hits you from afar with a +0 spear.
* * * LOW HITPOINT WARNING * * *
Fire: a) +3 shortbow
Press: ? - help, Shift-Dir - straight line, f/p - gnoll
Aim: a gnoll, wielding a +0 spear (73% to hit)
You shoot an arrow.
The arrow hits the gnoll but does no damage.
The gnoll barely misses you. The gnoll closely misses you.
Unknown command.
Fire: a) +3 shortbow
Press: ? - help, Shift-Dir - straight line, f/p - gnoll
Aim: a gnoll, wielding a +0 spear (73% to hit)
You shoot an arrow. The arrow hits the gnoll.
The gnoll is heavily wounded.
The gnoll barely misses you. x2
Unknown command.
Fire: a) +3 shortbow
Press: ? - help, Shift-Dir - straight line, f/p - gnoll
Aim: a gnoll, wielding a +0 spear (73% to hit)
You shoot an arrow. The arrow hits the gnoll.
The gnoll is severely wounded.
The gnoll barely misses you. The gnoll closely misses you.
Unknown command.
Fire: a) +3 shortbow
Press: ? - help, Shift-Dir - straight line, f/p - gnoll
Aim: a gnoll, wielding a +0 spear (73% to hit)
You shoot an arrow. The arrow hits the gnoll.
You kill the gnoll!
The gnoll hits you from afar with a +0 spear.
* * * LOW HITPOINT WARNING * * *
Fire: a) +3 shortbow
Press: ? - help, Shift-Dir - straight line, f/p - gnoll
Aim: a gnoll, wielding a +0 spear (73% to hit)
You shoot an arrow. The arrow hits the gnoll!
The gnoll is heavily wounded.
The gnoll hits you from afar with a +0 spear.
You die...

*####.......>.*,,,,,,,,,,,,
****.....8>8....,*,,,,,,,*,,,,
*,,,....><....#***,,,,,,,*,,,,
***,,,..........###*,,,,,,,*,,,,
*,,,,,.....##.......,,,,,,,,,,,,
*,,,,,.....##...#....,,*****,,,,
*,,,,,................,* *,,,,
*,*,,,,,,,.##.........,* ****,
*,*,,,,,,,,*#..@......,********,
*,+,,,,,,,,*####).....***,,,,***
***,,,,,,,,* #g)....,,,,,,,*
********,* ##....$**,,,,,* *,*
#.....**,,,,,* *,*
*#.#.##**,,,,,*
*,*****......,,,,,,,*
*,,,,**...,..,,,,,,,*
****,,,,,,,,,,,,,,,,*


You could see a gnoll.

Vanquished Creatures
  Sigmund (D:2)
  An orc priest (D:3)
  Natasha (thrice) (D:2)
  An orc wizard (D:3)
  Robin (D:2)
  2 gnolls (D:5)
  4 adders
  A dart slug (D:1)
  7 orcs
  3 bats (D:1)
  3 endoplasms
  2 giant cockroaches
  11 goblins
  7 hobgoblins
  3 quokkas
  3 ball pythons
  6 frilled lizards
  5 kobolds
  4 rats
68 creatures vanquished.

Notes
Turn   | Place    | Note
-------+----------+-------------------------------------------
     0 | D:1      | Newt the Kobold Hunter began the quest for the Orb.
     0 | D:1      | Reached XP level 1. HP: 12/12 MP: 1/1
   286 | D:1      | Reached XP level 2. HP: 18/18 MP: 2/2
   393 | D:1      | Reached XP level 3. HP: 23/23 MP: 3/3
   742 | D:2      | Noticed Robin
   751 | D:2      | Reached XP level 4. HP: 24/30 MP: 4/4
   753 | D:2      | Noticed Natasha
   754 | D:2      | Killed Robin
   758 | D:2      | Killed Natasha
   759 | D:2      | Reached skill level 5 in Fighting
   796 | D:2      | Noticed Natasha
   799 | D:2      | Killed Natasha
   800 | D:2      | Reached skill level 6 in Ranged Weapons
   800 | D:2      | Reached XP level 5. HP: 35/35 MP: 5/5
   867 | D:2      | Noticed Natasha
   874 | D:2      | Killed Natasha
  1117 | D:2      | Noticed Sigmund
  1121 | D:2      | Killed Sigmund
  1122 | D:2      | Reached skill level 8 in Ranged Weapons
  1122 | D:2      | Reached XP level 6. HP: 40/40 MP: 6/6
  1282 | D:2      | Found a hide-covered altar of Uskayaw.
  1701 | D:3      | Found a transporter.
  1856 | D:3      | Reached XP level 7. HP: 42/44 MP: 7/7
  1858 | D:3      | Identified a scroll of acquirement
  1858 | D:3      | Acquired the ring of the Mage {Wiz Archmagi}
  1858 | D:3      | Found the ring of the Mage {Wiz Archmagi}
  1936 | D:3      | You fall into a shaft and drop 3 floors!
  1956 | D:6      | Found a hide-covered altar of Uskayaw.
  2024 | D:5      | Entered Level 5 of the Dungeon
  2024 | D:5      | Found a staircase to the Ecumenical Temple.
  2028 | Temple   | Entered the Ecumenical Temple
  2101 | D:5      | Reached skill level 9 in Ranged Weapons
  2107 | D:5      | HP: 1/44 [gnoll/+0 spear (6)]
  2108 | D:5      | Slain by a gnoll

Illustrated notes

Levels and vault maps discovered:
D:1:      minmay_arrival_loop, layout_rooms, minmay_misc_feat_alley
D:2:      layout_rooms, basic_altar, uniq_sigmund, uniq_natasha, uniq_robin
D:3:      gammafunk_steamed_eel, layout_basic, kennysheep_nondescript
D:5:      layout_basic, temple_statues, portal_sewer_entry_d
D:6:      layout_cave_pools, fedhas_altar_fruit_tree, amcnicky_altar_gilded
Temple:   hellmonk_temple_of_storms

Skill      XL: |  1  2  3  4  5  6  7 |
---------------+----------------------+-----
Fighting       | 3 4 5 |  5.0
Ranged Weapons | 6 8 9 |  9.0
Dodging        | |  2.4
Stealth        | |  1.3

Action                     |  1- 3 |  4- 6 |  7- 9 || total
---------------------------+-------+-------+-------++-------
   Fire: Shortbow          |    72 |    65 |    21 ||   158
    Use: Scroll            |     2 |     7 |     5 ||    14
 Armour: Leather armour    |     9 |       |       ||     9
  Dodge: Dodged            |    35 |    19 |    13 ||    67

Table legend: (Time is in decaauts)
 A = Elapsed time spent in this place.
 B = Non-inter-level travel time spent in this place.
 C = Inter-level travel time spent in this place.
 D = Time resting spent in this place.
 E = Time spent auto-exploring this place.
 F = Levels seen in this place.
 G = Mean time per level.
                   A        B        C        D        E       F      G
               +--------+--------+--------+--------+--------+-----+--------+
         Total |   2141 |   2048 |     93 |    248 |   1451 |   6 |  356.8 |
       Dungeon |   2092 |   2003 |     89 |    248 |   1424 |   5 |  418.4 |
        Temple |     49 |     45 |      4 |      0 |     27 |   1 |   49.0 |
               +--------+--------+--------+--------+--------+-----+--------+

Top non-repeatable levels by time:
     D:2: 799 daAuts
     D:1: 636 daAuts
     D:3: 532 daAuts
     D:6: 88 daAuts
  Temple: 49 daAuts
     D:5: 35 daAuts
